 Dungeon Crawl Stone Soup version 0.30.1-11-g7821555f0a (webtiles) character file.

Game seed: 10867776456510209858

6790 cowcol the Severer (level 10, -3/88 HPs)
             Began as a Minotaur Fighter on Nov 8, 2023.
             Was an Elder of Okawaru.
             Slain by a flayed ghost (18 damage)
             ... on level 1 of the Abyss.
             The game lasted 00:22:36 (9146 turns).

cowcol the Severer (Minotaur Fighter)               Turns: 9146, Time: 00:22:36

Health: -3/88      AC: 14    Str: 23    XL:     10   Next: 76%
Magic:  7/9        EV: 15    Int: 10    God:    Okawaru [****..]
Gold:   1029       SH:  5    Dex: 10    Spells: 9/9 levels left

rFire   x . .        G - +3 executioner's axe "Fun Etau" {speed, Fly Int+3}
rCold   + . .        (shield currently unavailable)
rNeg    . . .        w - +1 chain mail {rC+}
rPois   .            (helmet restricted)
rElec   .            (no cloak)
rCorr   .            (no gloves)
SInv    .            (no boots)
Will    .....        v - amulet of reflection Stlth
                     h - +5 ring of evasion
HPRegen 0.34/turn    J - +4 ring of slaying
MPRegen 0.11/turn

%: reflection
@: heroic, flying
A: horns 2, retaliatory headbutt, heat vulnerability 1
a: Renounce Religion, Heroism, Finesse


You were on level 1 of the Abyss.
You worshipped Okawaru.
Okawaru was greatly pleased with you.
You visited 2 branches of the dungeon, and saw 10 of its levels.
You visited the Abyss 1 time.

You collected 1095 gold pieces.
You spent 66 gold pieces at shops.

Inventory:

Hand Weapons
 a - a +1 war axe
 r - a +0 battleaxe
 C - a +3 falchion of freezing
 D - a +3 flail of freezing
 G - the +3 executioner's axe "Fun Etau" (weapon) {speed, Fly Int+3}
   (You acquired it on level 7 of the Dungeon)

   Int:       It affects your intelligence (+3).
   Fly:       It grants you flight.
Missiles
 e - 5 boomerangs (quivered)
 A - 2 javelins
Armour
 b - a +0 scale mail
 c - a +0 buckler
 k - a +0 chain mail
 w - a +1 chain mail of cold resistance (worn)
Jewellery
 h - a +5 ring of evasion (left hand)
 v - an amulet of reflection (around neck)
 J - a +4 ring of slaying (right hand)
Wands
 d - a wand of polymorph (21)
 x - a wand of flame (35)
 L - a wand of iceblast (4)
 N - a wand of mindburst (3)
Scrolls
 f - 3 scrolls of enchant weapon
 j - 8 scrolls of teleportation
 l - 3 scrolls of fog
 p - 2 scrolls of silence
 u - a scroll of torment
 y - 2 scrolls of vulnerability
 B - 3 scrolls of fear
 E - a scroll of identify
 K - a scroll of butterflies
 M - a scroll of poison
Potions
 g - 6 potions of magic
 i - 2 potions of curing
 m - 6 potions of lignification
 n - 4 potions of flight
 o - 3 potions of degeneration {unknown}
 q - 2 potions of mutation {unknown}
 s - 2 potions of heal wounds {unknown}
 t - a potion of invisibility {unknown}
 z - a potion of haste {unknown}
 F - 2 potions of brilliance {unknown}
 H - a potion of ambrosia {unknown}
 I - a potion of might


   Skills:
 + Level 8.0(13.0) Fighting
 + Level 15.5(20.5) Axes
 - Level 1.1(6.1) Throwing
 + Level 10.2(15.2) Armour
 - Level 3.6(8.6) Shields
 + Level 0.5 Invocations


You had 9 spell levels left.
You didn't know any spells.
Your spell library contained the following spells:

 Spells                   Type           Power      Damage    Failure   Level
 Beastly Appendage        Tmut           0%         N/A       80%         1
 Freeze                   Ice            0%         1d3       80%         1
 Ensorcelled Hibernation  Hex/Ice        0%         N/A       90%         2
 Passwall                 Tmut/Erth      0%         N/A       90%         2
 Wereblood                Tmut           0%         N/A       90%         2
 Frozen Ramparts          Ice            0%         1d1       99%         3
 Hailstorm                Conj/Ice       0%         3d3       99%         3
 Spider Form              Tmut/Pois      0%         N/A       99%         3
 Swiftness                Air            0%         N/A       99%         3
 Eringya's Noxious Bog    Tmut/Pois      0%         N/A       100%        6
 Summon Forest            Summ/Tloc      Unusable   N/A       N/A         5
 Summon Hydra             Summ           Unusable   N/A       N/A         7

Dungeon Overview and Level Annotations

Branches:
Dungeon (9/15)             Temple (1/1) D:5            Lair (0/5) D:8
    Orc: D:9-12

Altars:
Cheibriados
Dithmenos
Elyvilon
Fedhas
Gozag
Hepliaklqana
Kikubaaqudgha
Makhleb
Nemelex Xobeh
Okawaru
Qazlal
Ru
Sif Muna
Trog
Uskayaw
Vehumet
Wu Jian
Xom
Yredelemnul
Zin
The Shining One

Shops:
D:1 (   D:8 ?

Annotations:
D:4 1 runed translucent door
D:9 Erolcha


Innate Abilities, Weirdness & Mutations

You have a pair of horns on your head.
You reflexively headbutt those who attack you in melee.
You are vulnerable to heat. (rF-)


Message History

A starspawn tentacle comes into view.
Unknown command.
You feel like a meek peon again.
The cacodemon gestures next to the tentacled starspawn.
Some rock shatters into small pieces.
It was a potion of curing.
You feel better.
A tentacle flies out from the starspawn's body!
A starspawn tentacle comes into view.
Unknown command.
Really quaff the potion of lignification? [Y]es or [N]o only, please.
Really quaff the potion of lignification? [Y]es or [N]o only, please.
Really quaff the potion of lignification?
Okay, then.
The cacodemon gestures next to the tentacled starspawn.
You hear a grinding noise.
The starspawn tentacle closely misses you.
You furiously retaliate!
You headbutt the starspawn tentacle!
A starspawn tentacle comes into view.
You gain the combat prowess of a mighty hero.
The cacodemon gestures at the rock wall.
You hear a grinding noise.
You carve the tentacled starspawn like a ham!!!
The tentacled starspawn is severely damaged.
You cut the tentacled starspawn into ribbons!!!
You destroy the tentacled starspawn!
Okawaru is honoured by your kill.
The starspawn's tentacles wither and die.
Your base Fighting skill increases to level 8!
Your base Axes skill increases to level 15!
Your base Armour skill increases to level 10!
A flayed ghost comes into view.
The cacodemon gestures at you. The bolt of energy hits you!
* * * LOW HITPOINT WARNING * * *
The cacodemon gestures at you.
You struggle to resist.
The flayed ghost hits you!!
You die...

.#.. ### ##
....# #.## .#
#.#ยง ##.# #.
. # ##..##.# #
. ##@..2#
#..#.W####X.#
.# #
#..#.#....##.#
## #.....#.#..
# #. ## ..#.#
X.. # #. # ##.
##...### . ..
#.#....#.###.
... #. .#.. .
.# #.# .. .
####.. #


You could see a cacodemon, a flayed ghost and a large abomination.

Vanquished Creatures
  A tentacled starspawn (Abyss:1)
  Pikel (D:8)
  An apocalypse crab (Abyss:1)
  A shadow (D:9)
  5 yaks (D:8)
  A wyvern (D:9)
  A harpy simulacrum (Abyss:1)
  The ghost of middlethird the Cudgeller, an amateur VSMo (D:4)
  A water moccasin (D:7)
  An orc warrior (D:9)
  2 sky beasts (D:7)
  2 black bears
  An ice beast (D:6)
  3 ogres
  A centaur (D:8)
  2 lemures (D:8)
  4 phantoms
  3 bullfrogs
  2 kobold brigands
  A gnoll sergeant (D:9)
  5 scorpions
  5 wights (D:6)
  8 killer bees (D:8)
  3 howler monkeys
  An electric eel (D:9)
  A crimson imp (D:4)
  3 jellies (D:6)
  A quasit (Abyss:1)
  3 hounds
  An orc priest (D:4)
  7 iguanas
  A sleepcap (D:4)
  Ijyb (D:5)
  5 orc wizards
  9 gnolls
  11 adders
  3 white imps
  3 ufetubi (D:5)
  A worm (D:4)
  5 dart slugs
  26 orcs
  2 ball pythons (D:3)
  6 endoplasms
  4 giant cockroaches
  7 goblins
  3 hobgoblins
  5 jackals
  11 kobolds
  3 quokkas
  3 bats
  6 frilled lizards
  5 goblin skeletons (D:4)
  A goblin zombie (D:4)
  3 hobgoblin zombies (D:4)
  4 kobold zombies (D:4)
  3 orc skeletons (D:4)
  An orc zombie (D:4)
  2 rats
207 creatures vanquished.

Vanquished Creatures (others)
  7 starspawn tentacles (Abyss:1)
7 creatures vanquished.

Grand Total: 214 creatures vanquished

Notes
Turn   | Place    | Note
-------+----------+-------------------------------------------
     0 | D:1      | cowcol the Minotaur Fighter began the quest for the Orb.
     0 | D:1      | Reached XP level 1. HP: 19/19 MP: 0/0
    79 | D:1      | Found a faded altar of an unknown god.
   223 | D:1      | Found Xeis's Weapon Shop.
   424 | D:1      | Reached XP level 2. HP: 26/26 MP: 1/1
  1218 | D:3      | Reached skill level 3 in Axes
  1232 | D:3      | Reached XP level 3. HP: 22/31 MP: 2/2
  1370 | D:3      | Reached skill level 5 in Armour
  1411 | D:3      | Noticed a phantom
  1424 | D:3      | Killed a phantom
  1425 | D:3      | Reached skill level 4 in Axes
  1425 | D:3      | Reached XP level 4. HP: 39/39 MP: 3/3
  1600 | D:3      | Found a blossoming altar of Fedhas.
  1606 | D:3      | Found an ancient bone altar of Kikubaaqudgha.
  1681 | D:4      | Reached XP level 5. HP: 44/45 MP: 4/4
  1689 | D:4      | Found a runed translucent door.
  1728 | D:4      | Reached skill level 5 in Axes
  1728 | D:4      | Noticed a phantom
  1744 | D:4      | Killed a phantom
  1745 | D:4      | Reached XP level 6. HP: 30/51 MP: 5/5
  1846 | D:4      | Reached skill level 6 in Axes
  1852 | D:4      | Found a bloodstained altar of Trog.
  2084 | D:4      | Found a glowing golden altar of the Shining One.
  2466 | D:4      | Reached skill level 7 in Axes
  2522 | D:4      | Reached XP level 7. HP: 57/57 MP: 6/6
  2571 | D:4      | Found a faded altar of an unknown god.
  2571 | D:4      | Found a glowing silver altar of Zin.
  2579 | D:4      | Found a radiant altar of Vehumet.
  2581 | D:4      | Found a burning altar of Makhleb.
  2583 | D:4      | Found a basalt altar of Yredelemnul.
  2629 | D:4      | Noticed middlethird's ghost (amateur VSMo)
  2657 | D:4      | Found a runed translucent door.
  2729 | D:4      | Killed middlethird's ghost
  2867 | D:4      | Reached skill level 8 in Axes
  3107 | D:5      | Entered Level 5 of the Dungeon
  3158 | D:5      | Found a staircase to the Ecumenical Temple.
  3173 | Temple   | Entered the Ecumenical Temple
  3180 | Temple   | Became a worshipper of Warmaster Okawaru
  3208 | D:5      | Identified a scroll of acquirement
  3209 | D:5      | Acquired 636 gold pieces
  3226 | D:5      | Reached skill level 1 in Throwing
  3313 | D:5      | Noticed Ijyb
  3327 | D:5      | Killed Ijyb
  3480 | D:5      | Reached skill level 9 in Axes
  4038 | D:5      | Reached XP level 8. HP: 64/64 MP: 7/7
  4459 | D:6      | Reached * piety under Okawaru
  4485 | D:6      | Reached skill level 10 in Axes
  5626 | D:6      | Reached ** piety under Okawaru
  5627 | D:6      | Reached skill level 11 in Axes
  5791 | D:6      | Found a stormy altar of Qazlal.
  6355 | D:7      | Acquired the +3 executioner's axe "Fun Etau" {speed, Fly
                  | Int+3}
  6416 | D:7      | Reached XP level 9. HP: 73/73 MP: 8/8
  6528 | D:7      | Reached skill level 5 in Fighting
  6859 | D:7      | Reached skill level 12 in Axes
  7485 | D:8      | Found Sigis's Magic Scroll Emporium.
  7493 | D:8      | Bought a scroll of identify for 22 gold pieces
  7493 | D:8      | Bought a scroll of identify for 22 gold pieces
  7493 | D:8      | Bought a scroll of identify for 22 gold pieces
  7505 | D:8      | Noticed Pikel
  7520 | D:8      | Killed Pikel
  7520 | D:8      | Reached *** piety under Okawaru
  7521 | D:8      | Reached skill level 13 in Axes
  7755 | D:8      | Found a staircase to the Lair.
  8415 | D:8      | Reached XP level 10. HP: 73/84 MP: 9/9
  8417 | D:8      | Reached skill level 14 in Axes
  8883 | D:9      | Reached **** piety under Okawaru
  8991 | D:9      | Noticed Erolcha
  8995 | Abyss:1  | Found a corrupted altar of Lugonu.
  8995 | Abyss:1  | Cast into level 1 of the Abyss (Erolcha)
  9058 | Abyss:1  | Found a corrupted altar of Lugonu.
  9084 | Abyss:1  | Found a corrupted altar of Lugonu.
  9089 | Abyss:1  | Noticed an apocalypse crab
  9103 | Abyss:1  | Killed an apocalypse crab
  9105 | Abyss:1  | Noticed a tentacled starspawn
  9123 | Abyss:1  | Noticed a cacodemon
  9134 | Abyss:1  | Gained mutation: You are vulnerable to heat. (rF-) [a
                  | cacodemon]
  9143 | Abyss:1  | Killed a tentacled starspawn
  9144 | Abyss:1  | Reached skill level 15 in Axes
  9144 | Abyss:1  | Reached skill level 10 in Armour
  9144 | Abyss:1  | Noticed a flayed ghost
  9146 | Abyss:1  | Slain by a flayed ghost

Illustrated notes

Levels and vault maps discovered:
D:1:      amcnicky_arrival_single_pillar, layout_basic, serial_shops,
          nicolae_shop_scrapyard, hellmonk_ecumenical_altar_slurped_away
D:2:      layout_basic
D:3:      layout_rooms, grunt_temple_overflow_growth_and_decay
D:4:      layout_loops_ring, nicolae_tso_besieged_by_evil,
          chequers_temple_overflow_minitemple, mainiacjoe_overflow_catwalk,
          ebering_ghost_sewer_f
D:5:      layout_basic, minmay_temple_entry_mist, uniq_ijyb
D:6:      layout_gridville, lemuel_doored_altar, chequers_serial_rivers_large_b,
          minmay_misc_feat_encased, skrybe_limestone_x, st_stairs_1,
          minivault_26
D:7:      layout_loops_corners
D:8:      old_forge, layout_loops_corners, lair_entry_dummy, serial_shops, shop,
          grunt_ministairs_8, uniq_pikel
D:9:      layout_loops_cross, orc_0_dummy, serial_bayou_lagoon_a, uniq_erolcha
Temple:   nicolae_temple_no_exploring_needed
Abyss:1:  base:
D:1

Skill      XL: |  1  2  3  4  5  6  7  8  9 10 |
---------------+-------------------------------+-----
Armour         | 4 5 6 7 8 9 10 | 10.2
Axes           | 3 4 5 7 9 11 13 15 | 15.5
Throwing       | 1 |  1.1
Fighting       | 4 6 8 |  8.0
Shields        | |  3.6
Invocations    | |  0.5

Action                     |  1- 3 |  4- 6 |  7- 9 | 10-12 || total
---------------------------+-------+-------+-------+-------++-------
  Melee: War axe           |    65 |   100 |   176 |       ||   341
         Headbutt          |     6 |    14 |    52 |     8 ||    80
         Executioner's axe |       |       |   113 |    63 ||   176
  Throw: Boomerang         |     5 |       |     6 |     6 ||    17
         Javelin           |       |       |     3 |       ||     3
 Invoke: Heroism           |       |       |       |     3 ||     3
    Use: Scroll            |     4 |       |    12 |       ||    16
         Potion            |       |     1 |     1 |     1 ||     3
   Stab: Held in net/web   |       |       |     1 |       ||     1
 Armour: Scale mail        |    13 |     5 |       |       ||    18
         Chain mail        |       |    14 |    73 |    20 ||   107
  Dodge: Dodged            |    46 |    40 |    97 |    41 ||   224
  Block: Buckler           |    18 |    41 |    70 |       ||   129
         Reflection        |       |     2 |     2 |     1 ||     5
         Other             |       |       |    18 |    14 ||    32
